AoeStats
← ccereal

Oasis

509149470Analyzed
3v3 RM · 7d ago on Sep 25, 2026· 31m 13s· 6 players
Game mode
Random Map
Map size
Normal (6 player)
Population
200
Speed
Normal
Resources
Standard
Victory
Conquest
Starting age
Dark Age
Ending age
Imperial Age
RankedLock teamsTeams togetherTeam positionsShared explorationLock speedFull tech treeHidden civsTurbo modeCheats
Victory
Defeat
🇩🇪 Mongols · Germany
1667
+11
🇹🇷 Teutons · Türkiye
1591
+15
🇦🇷 Ethiopians · Argentina
1533
+17
🇫🇷 Saracens · France
1638
-18
🇫🇷 Jurchens · France
1553
-14
🇫🇷 Britons · France
1488
-11
Tonymontana
5:31 Loom
8:23 Feudal Age
12:39 Fletching
13:23 Padded Archer Armor
17:06 Double-Bit Axe
27:10 Castle Age
26:08 Horse Collar
26:21 Gold Mining
27:14 Elite Skirmisher
28:58 Wheelbarrow
28:11 Crossbowman
Frorok
5:41 Loom
9:23 Feudal Age
9:53 Double-Bit Axe
11:36 Horse Collar
17:14 Forging
20:12 Scale Barding Armor
21:02 Bloodlines
22:36 Wheelbarrow
25:39 Castle Age
24:16 Gold Mining
25:40 Light Cavalry
26:42 Chain Barding Armor
26:48 Bow Saw
28:38 Husbandry
29:47 Heavy Plow
ccereal
6:15 Loom
9:12 Feudal Age
9:44 Double-Bit Axe
13:02 Fletching
22:24 Castle Age
21:28 Horse Collar
21:49 Gold Mining
22:26 Crossbowman
23:02 Bodkin Arrow
24:47 Ballistics
Itgetsdarker
7:12 Loom
9:42 Feudal Age
10:30 Double-Bit Axe
13:56 Bloodlines
14:05 Horse Collar
16:03 Scale Barding Armor
16:14 Forging
19:40 Gold Mining
22:37 Castle Age
24:51 Chain Barding Armor
29:37 Wheelbarrow
28:48 Town Watch
31:37 Hand Cart
32:25 Iron Casting
[TOX2] satho
6:09 Loom
8:37 Feudal Age
12:14 Fletching
16:12 Horse Collar
16:24 Double-Bit Axe
18:38 Padded Archer Armor
24:23 Castle Age
25:19 Wheelbarrow
24:28 Crossbowman
25:04 Bodkin Arrow
25:50 Leather Archer Armor
26:31 Bow Saw
26:21 Heavy Plow
28:06 Ballistics
Pummeluff
9:40 Feudal Age
10:28 Double-Bit Axe
10:55 Loom
11:25 Fletching
13:45 Horse Collar
21:42 Castle Age
20:09 Padded Archer Armor
20:14 Gold Mining
22:24 Bodkin Arrow
22:59 Bow Saw
22:16 Crossbowman
23:39 Wheelbarrow
26:00 Thumb Ring
28:02 Ballistics
28:07 Leather Archer Armor
28:56 Heavy Plow
29:34 Hand Cart
Connection lost

Rejoining the realm…

Still unreachable

The connection could not be restored.

Session expired

The server has moved on; the page needs a fresh start.